 Dungeon Crawl Stone Soup version 0.27.1 (webtiles) character file.

Game seed: 1419070777068968668

571986 jayjay249 the Sorcerer (level 25, -3/152 HPs)
             Began as a Deep Elf Conjurer on Aug 19, 2021.
             Was the Champion of Vehumet.
             Succumbed to poison (poison gas)
             ... on level 2 of the Realm of Zot on Aug 26, 2021.
             The game lasted 16:33:51 (111438 turns).

jayjay249 the Sorcerer (Deep Elf Conjurer)        Turns: 111438, Time: 16:33:52

Health: -3/152     AC: 21    Str: 15    XL:     25   Next: 67%
Magic:  37/54      EV:  8    Int: 39    God:    Vehumet [******]
Gold:   916        SH:  0    Dex:  9    Spells: 9/74 levels left

rFire    + + +     SeeInvis .   m - +0 staff of Battle
rCold    + . .     Faith    .   (no shield)
rNeg     + . .     Spirit   .   Z - quicksilver dragon scales of the Eternal Fruit {rF++ Will+}
rPois    .         Reflect  +   R - +0 helmet of the Comet {Str+3 Int+8 Stlth-}
rElec    +         Harm     .   k - +2 cloak {Will+}
rCorr    .         Rampage  .   r - +2 pair of gloves {Stlth+}
Will     +++++                  T - +2 pair of boots
Stlth    +++.......             J - amulet of reflection
HPRegen  0.35/turn              E - ring of Wyty {rF+ rC+ Str+3}
MPRegen  0.34/turn              P - ring "Bociucw" {rElec rN+ Will+ Dex-4 Stlth+}

@: lethally poisoned (-3 -> -43), held, studying 2 skills, invisible
A: no striking features
}: 3/15 runes: serpentine, barnacled, silver
a: Renounce Religion


You were on level 2 of the Realm of Zot.
You worshipped Vehumet.
Vehumet was exalted by your worship.
You visited 10 branches of the dungeon, and saw 47 of its levels.
You visited 2 bazaars.
You also visited: Bailey, Gauntlet and Ice Cave.

You collected 9876 gold pieces.
You spent 8960 gold pieces at shops.

Inventory:

Hand Weapons
 m - the +0 staff of Battle (weapon)
   (You found it on level 3 of the Elven Halls)

   It enhances your conjuration magic.
   It summons a battlesphere in combat, with strength depending on Conjurations
   skill.
 u - the +8 storm bow {elec, penet}
   (You found it on level 2 of the Realm of Zot)

   Any ammunition fired from it occasionally discharges a powerful burst of
   electricity upon striking a foe.
   Any ammunition fired by it passes through the targets it hits, potentially
   hitting all targets in its path until it reaches maximum range.
 K - the +11 mace of Contention {antimagic, *Slow rPois rN++ SInv}
   (You found it on level 11 of the Dungeon)

   It reduces the magical energy of the wielder, and disrupts the spells and
   magical abilities of those it strikes.
   Natural abilities and divine invocations are not affected.
   rPois:     It protects you from poison.
   rN:        It greatly protects you from negative energy.
   SInv:      It lets you see invisible.
   *Slow:     It may slow you when you take damage.
Missiles
 b - 1278 arrows
 N - 2 atropa-tipped darts
Armour
 k - a +2 cloak of willpower (worn)
 r - a +2 pair of gloves of stealth (worn)
 B - a +2 pair of boots of flying
 R - the +0 helmet of the Comet (worn) {Str+3 Int+8 Stlth-}
   (You found it in a bailey)

   Str:       It affects your strength (+3).
   Int:       It affects your intelligence (+8).
   Stlth:     It makes you less stealthy.
 T - a +2 pair of boots (worn)
 Z - the quicksilver dragon scales of the Eternal Fruit (worn) {rF++ Will+}
   (You bought it in a shop in a bazaar)

   rF:        It greatly protects you from fire.
   Will:      It increases your willpower.
Magical Staves
 j - a staff of conjuration
 L - a staff of fire
Jewellery
 a - a ring of see invisible
 i - a ring of wizardry
 D - a ring of willpower
 E - the ring of Wyty (left hand) {rF+ rC+ Str+3}
   (You acquired it on level 3 of the Elven Halls)

   [ring of protection from cold]

   Str:       It affects your strength (+3).
   rF:        It protects you from fire.
   rC:        It protects you from cold.
 G - the ring "Wock" {Ice rPois rCorr}
   (You found it on level 13 of the Dungeon)

   [ring of ice]

   It enhances your ice magic.
   rF:        It makes you vulnerable to fire.
   rC:        It protects you from cold.
   rPois:     It protects you from poison.
   rCorr:     It protects you from acid and corrosion.
 I - a +6 ring of intelligence
 J - an amulet of reflection (around neck)
 P - the ring "Bociucw" (right hand) {rElec rN+ Will+ Dex-4 Stlth+}
   (You took it off a minotaur in a Gauntlet)

   [ring of positive energy]

   Dex:       It affects your dexterity (-4).
   rElec:     It insulates you from electricity.
   rN:        It protects you from negative energy.
   Will:      It increases your willpower.
   Stlth:     It makes you more stealthy.
Wands
 o - a wand of acid (41)
 x - a wand of mindburst (82)
 C - a wand of polymorph (58)
 H - a wand of iceblast (73)
 M - a wand of charming (12)
 O - a wand of flame (132)
 Q - a wand of paralysis (58)
 S - a wand of digging (34)
Scrolls
 c - 5 scrolls of fog
 d - 12 scrolls of teleportation
 g - 5 scrolls of amnesia
 n - 31 scrolls of identify
 p - 2 scrolls of summoning
 U - 6 scrolls of blinking
 W - 3 scrolls of magic mapping
 X - 2 scrolls of silence
Potions
 e - 8 potions of haste
 f - 6 potions of cancellation
 h - 13 potions of heal wounds
 l - 20 potions of curing
 q - 3 potions of invisibility
 s - 5 potions of ambrosia
 v - 13 potions of might
 w - 11 potions of brilliance
 y - 8 potions of attraction
 z - 9 potions of flight
 A - 14 potions of mutation
 F - a potion of magic
 V - 7 potions of resistance
 Y - 7 potions of lignification
Miscellaneous
 t - a phantom mirror


   Skills:
 + Level 13.8 Fighting
 - Level 0.4 Staves
 - Level 20.0 Bows
 - Level 3.5 Armour
 - Level 20.0 Dodging
 - Level 5.0 Stealth
 - Level 25.0 Spellcasting
 + Level 24.7 Conjurations
 - Level 3.0 Hexes
 - Level 3.5 Summonings
 - Level 2.0 Transmutations
 - Level 18.0 Fire Magic
 - Level 10.0 Evocations


You had 9 spell levels left.
You knew the following spells:

 Your Spells              Type           Power      Damage    Failure   Level
a - Magic Dart            Conj           100%       1d8       0%          1
b - Fire Storm            Conj/Fire      72%        8d18      3%          9
c - Orb of Destruction    Conj           76%        9d19      1%          7
e - Summon Mana Viper     Hex/Summ       65%        N/A       5%          5
f - Bolt of Magma         Conj/Fire/Erth 63%        4d25      1%          5
g - Passage of Golubria   Tloc           N/A        N/A       8%          4
h - Fireball              Conj/Fire      72%        3d27      0%          5
i - Spellforged Servitor  Conj/Summ      63%        N/A       1%          7
j - Cause Fear            Hex            32%        N/A       2%          4
k - Ignition              Fire           56%        3d15      1%          8
l - Iskenderun's Battles  Conj           100%       2d15      0%          5
m - Irradiate             Conj/Tmut      62%        3d34      1%          5

Your spell library contained the following spells:

 Spells                   Type           Power      Damage    Failure   Level
 Chain Lightning          Conj/Air       60%        3d80      73%         9
 Polar Vortex             Ice            24%        N/A       100%        9
 Shatter                  Erth           24%        3d21*     100%        9
 Shock                    Conj/Air       100%       1d9       0%          1
 Searing Ray              Conj           100%       3d7       0%          2
 Conjure Flame            Conj/Fire      100%       6-21      0%          3
 Dazzling Flash           Conj/Hex       100%       N/A       0%          3
 Stone Arrow              Conj/Erth      100%       3d13      0%          3
 Sticky Flame             Conj/Fire      100%       2d11      0%          4
 Starburst                Conj/Fire      72%        6d19      0%          6
 Animate Skeleton         Necr           96%        N/A       1%          1
 Apportation              Tloc           96%        N/A       1%          1
 Beastly Appendage        Tmut           100%       N/A       1%          1
 Corona                   Hex            71%        N/A       1%          1
 Freeze                   Ice            100%       1d11      1%          1
 Summon Small Mammal      Summ           100%       N/A       1%          1
 Blink                    Tloc           N/A        N/A       1%          2
 Call Imp                 Summ           66%        N/A       1%          2
 Ensorcelled Hibernation  Hex/Ice        100%       N/A       1%          2
 Passwall                 Tmut/Erth      45%        N/A       1%          2
 Poisonous Vapours        Pois/Air       96%        N/A       1%          2
 Slow                     Hex            64%        N/A       1%          2
 Wereblood                Tmut           59%        N/A       1%          2
 Confusing Touch          Hex            64%        N/A       1%          3
 Frozen Ramparts          Ice            96%        1d11      1%          3
 Ignite Poison            Fire/Tmut/Pois 79%        N/A       1%          3
 Inner Flame              Hex/Fire       92%        N/A       1%          3
 Mephitic Cloud           Conj/Pois/Air  100%       N/A       1%          3
 Spider Form              Tmut/Pois      27%        N/A       1%          3
 Tukima's Dance           Hex            64%        N/A       1%          3
 Fulminant Prism          Conj/Hex       62%        3d27      1%          4
 Hailstorm                Conj/Ice       100%       3d20      1%          4
 Iskenderun's Mystic Bla  Conj/Tloc      100%       2d19      1%          4
 Lightning Bolt           Conj/Air       60%        1d83      1%          5
 Conjure Ball Lightning   Conj/Air       60%        3x3d22    1%          6
 Iron Shot                Conj/Erth      60%        9d11      1%          6
 Lesser Beckoning         Tloc           24%        N/A       2%          3
 Ozocubu's Armour         Ice            48%        N/A       2%          3
 Swiftness                Air            48%        N/A       2%          3
 Vampiric Draining        Necr           24%        2d9       2%          3
 Airstrike                Air            24%        N/A       2%          4
 Olgreb's Toxic Radiance  Pois           48%        N/A       2%          4
 Yara's Violent Unravell  Hex/Tmut       31%        3d13      2%          5
 Summon Ice Beast         Ice/Summ       58%        N/A       3%          4
 Ice Form                 Ice/Tmut       54%        N/A       4%          4
 Leda's Liquefaction      Hex/Erth       28%        N/A       4%          4
 Petrify                  Tmut/Erth      54%        N/A       4%          4
 Lee's Rapid Deconstruct  Erth           24%        3d14*     6%          5
 Lehudib's Crystal Spear  Conj/Erth      60%        10d14     9%          8
 Blade Hands              Tmut           29%        N/A       10%         5
 Metabolic Englaciation   Hex/Ice        28%        N/A       12%         5
 Silence                  Hex/Air        28%        N/A       12%         5
 Alistair's Intoxication  Tmut/Pois      36%        N/A       14%         5
 Manifold Assault         Tloc           48%        N/A       22%         5
 Invisibility             Hex            32%        N/A       34%         6
 Statue Form              Tmut/Erth      36%        N/A       61%         6
 Dispersal                Tloc           24%        N/A       75%         6
 Simulacrum               Ice/Necr       24%        N/A       75%         6
 Ozocubu's Refrigeration  Ice            24%        4d9       82%         7
 Monstrous Menagerie      Summ           33%        N/A       83%         7
 Dragon Form              Tmut           29%        N/A       96%         7
 Borgnjor's Revivificati  Necr           24%        N/A       100%        8
 Discord                  Hex            32%        N/A       100%        8
 Disjunction              Tloc           24%        N/A       100%        8
 Necromutation            Tmut/Necr      27%        N/A       100%        8
 Death's Door             Necr           24%        N/A       100%        9


Dungeon Overview and Level Annotations

Branches:
Dungeon (15/15)            Temple (1/1) D:6            Lair (6/6) D:11
 Shoals (4/4) Lair:3        Snake (4/4) Lair:4        Slime (0/5) Lair:5
    Orc (2/2) D:11            Elf (3/3) Orc:2        Vaults (5/5) D:14
  Crypt (0/3) Vaults:2     Depths (5/5) D:15            Zot (2/5) Depths:5
 Bailey (visited)           IceCv (visited)         Gauntlet (visited)

Altars:
Ashenzari
Cheibriados
Dithmenos
Elyvilon
Fedhas
Gozag
Hepliaklqana
Kikubaaqudgha
Makhleb
Nemelex Xobeh
Okawaru
Qazlal
Ru
Sif Muna
Trog
Uskayaw
Vehumet
Wu Jian
Xom
Yredelemnul
Zin
The Shining One
Beogh
Jiyva

Shops:
D:4 [   D:13 (   Orc:2 *!*[(   Elf:1 (   Elf:2 [   Snake:1 =:=   Snake:3 *[***
Vaults:1 :*   Vaults:3 [   Vaults:5 :

Portals:
Hell: Depths:1 Depths:2 Depths:4 Depths:5
Abyss: Depths:4
Pandemonium: Depths:2 Depths:5
Ziggurat: Depths:4
Trove: Vaults:3 (give horn of Geryon)

Annotations:
D:3 3 runed translucent doors, exclusion: 2 downstairs, mrzisme's ghost, amateur GrFi
D:5 1 runed translucent door
D:7 1 runed translucent door, exclusion: door, Crazy Yiuf
D:10 exclusion: downstairs
D:13 exclusion: downstairs
Lair:3 exclusion: upstairs
Lair:5 1 runed translucent door, exclusion: door, Ruewk's ghost, journeyman CeAM
Lair:6 exclusion: 3 doors
Snake:2 exclusion: 2 downstairs
Vaults:2 5 transporters
Vaults:4 exclusion: 3 downstairs
Depths:2 1 exclusion
Depths:3 exclusions: 3 obsidian statues and orange crystal statue
Depths:5 1 exclusion
Zot:1 2 exclusions
Zot:2 3 runed translucent doors, exclusion: 3 doors, Sofait's ghost, legendary GnFE


Message History

Casting: Fireball (safe; 0% risk of failure)
Confirm with . or Enter, or press ? or * to list all spells.
Casting: Ignition (dangerous; 1% risk of failure)
Press: ? - help, Dir - look around, f - activate The air bursts into flame!
The fireball engulfs the purple draconian!!
The purple draconian is almost dead.
The fireball engulfs the green draconian!!
The green draconian is moderately wounded.
The fireball engulfs the white draconian knight!!
The white draconian knight is severely wounded.
The fireball engulfs the white draconian!!
The white draconian is heavily wounded.
The fireball engulfs the white draconian!
The white draconian is severely wounded.
The fireball engulfs the white draconian knight!!
The white draconian knight is almost dead.
The fireball engulfs the purple draconian!!
You kill the purple draconian!
Vehumet accepts your kill.
You feel your power returning.
You are engulfed in poison gas.
You are more poisoned.
You feel extremely sick.
The white draconian breathes frost at you.
The blast of cold hits you!! You resist.
You struggle against the net.
You are engulfed in poison gas.
You are lethally poisoned!
* * * LOW HITPOINT WARNING * * *
You feel extremely sick.
You struggle against the net.
* * * LOW HITPOINT WARNING * * *
You feel extremely sick.
The white draconian breathes frost at you.
The blast of cold hits you!! You resist.
* * * LOW HITPOINT WARNING * * *
The white draconian knight breathes frost at you.
The blast of cold hits you. You resist.
* * * LOW HITPOINT WARNING * * *
You fade into invisibility!
You die...

....###.#.........#.#...=.+.....#
....# #...........#.#.8...#.....#
....# ##..##'###'##.#.(..W#...[.#
....# #..##.# #.##.#######.....#
....# ##..##.# #.##.............#
....# #....#.###................#
....# #..>...........*[.........#
....# #.........)...............#
....# ###.......@.qd))..........#
##### #.......)..d.)....>.....#
#.........#)............#
#.........#.............#
###########.............#
#...########### †...# d....#
......#


You could see a white draconian knight (catching breath), a green draconian, a
white draconian (catching breath, ally target) and a friendly battlesphere.

Vanquished Creatures
  A dread lich (Vaults:5)
  An orb of fire (Zot:2)
  Mara (Vaults:5)
  A juggernaut (Depths:5)
  Boris (Vaults:3)
  Bai Suzhen (Vaults:3)
  Saint Roka (Elf:2)
  Frederick (Vaults:3)
  11 golden dragons
  A golden dragon (shapeshifter) (Depths:3)
  A bone dragon (Depths:5)
  An electric golem (Zot:1)
  12 tentacled monstrosities
  2 liches
  An Ice Fiend (IceCv)
  7 titans
  2 quicksilver dragons (Vaults:5)
  2 deep elf blademasters (Elf:3)
  An acid blob (shapeshifter) (Vaults:5)
  Gastronok (Lair:3)
  2 death cobs (Zot:1)
  2 deep elf master archers (Elf:3)
  8 tengu reavers
  Polyphemus (Shoals:4)
  7 shadow dragons
  7 storm dragons
  Agnes (D:15)
  8 sphinxes
  Roxanne (Elf:2)
  A draconian monk (Zot:1)
  An azure jelly (shapeshifter) (Vaults:5)
  4 nagarajas (Snake:4)
  6 fire giants
  4 draconian knights
  3 frost giants
  A ghost moth (Zot:2)
  9 deep elf sorcerers
  13 vault wardens
  An orc warlord (Orc:1)
  Louise (D:15)
  5 iron dragons
  4 draconian scorchers
  A draconian stormcaller (Depths:5)
  2 deep elf elementalists
  3 draconian shifters (Zot:1)
  14 stone giants
  A spriggan defender (Depths:3)
  21 very ugly things
  2 draconian annihilators (Zot:1)
  9 war gargoyles
  2 reapers
  12 ironbound preservers
  2 quicksilver oozes (shapeshifter)
  3 black draconians (Zot:1)
  4 red draconians
  8 green draconians
  5 purple draconians
  4 deep elf demonologists (Elf:3)
  An entropy weaver (Vaults:5)
  7 white draconians
  9 deep elf annihilators
  Snorg (D:12)
  2 yellow draconians
  3 dire elephants
  5 merfolk javelineers
  A minotaur (Gauntlet)
  2 blizzard demons (Depths:3)
  2 crystal guardians
  8 merfolk impalers
  4 deep elf death magi
  6 fire dragons
  17 yaktaur captains
  6 great orbs of eyes
  18 ettins
  3 salamander tyrants (Snake:4)
  3 deep elf high priests
  7 boulder beetles
  2 caustic shrike simulacra (IceCv)
  6 ironbound thunderhulks
  2 peacekeepers
  Erolcha (D:9)
  4 ice dragons
  5 ironbound frosthearts
  2 merfolk avatars (Shoals:4)
  3 spriggan air magi
  31 vault guards
  23 naga warriors
  2 rakshasas (Depths:2)
  6 centaur warriors
  A hell beast (Depths:2)
  16 hydras
  An alligator (shapeshifter) (Depths:3)
  Erica (D:8)
  12 two-headed ogres
  6 merfolk aquamancers
  A death knight (D:15)
  3 ogre magi (Vaults:5)
  5 anacondas
  2 death yaks (Shoals:4)
  2 catoblepae
  5 satyrs
  4 deep troll earth magi
  An alligator snapping turtle (Shoals:4)
  2 deep troll shamans (Depths:5)
  45 dancing weapons
  6 tengu warriors
  A death yak (shapeshifter) (Depths:3)
  4 ironbound beastmasters
  6 orc high priests (Orc:2)
  6 spriggan berserkers
  A vampire mage (Depths:3)
  Urug (D:13)
  A hell hog (Depths:2)
  6 shock serpents
  10 deep elf knights
  14 naga sharpshooters
  Nergalle (Lair:3)
  5 iron trolls
  11 hell knights (Depths:2)
  4 skeletal warriors
  A deep troll (shapeshifter) (Vaults:5)
  A shadow wraith (Vaults:2)
  27 sea snakes
  6 glowing orange brains
  3 salamander mystics
  A glowing orange brain (shapeshifter) (Depths:3)
  40 deep trolls
  7 deep elf archers
  A tengu zombie (Vaults:3)
  6 naga ritualists
  A bog body (IceCv)
  An obsidian statue (IceCv)
  11 wizards
  20 ironbound convokers
  3 phantasmal warriors
  Pikel (D:9)
  3 harpies (shapeshifter)
  4 mana vipers
  A shadow dragon zombie (Vaults:4)
  35 harpies
  A lindwurm (Vaults:4)
  An orc knight (Vaults:5)
  29 deep elf pyromancers
  23 deep elf zephyrmancers
  A stone giant zombie (Vaults:3)
  9 necromancers
  A fire giant zombie (Vaults:1)
  6 orc sorcerers
  A frost giant zombie (Vaults:1)
  44 ugly things
  4 oklob plants
  A cyclops (shapeshifter) (Depths:3)
  19 manticores
  17 vault sentinels
  23 fauns
  8 salamanders
  9 moths of wrath
  7 cyclopes
  8 elephants
  A human skeleton (Vaults:4)
  An elephant (shapeshifter) (Elf:2)
  5 guardian serpents
  2 black mambas (shapeshifter) (Depths:3)
  36 black mambas
  17 naga magi
  Joseph (D:9)
  11 merfolk sirens
  2 torpor snails
  A guardian serpent (shapeshifter) (D:14)
  8 gargoyles
  5 molten gargoyles
  Maggie (Lair:1)
  A minotaur zombie (Gauntlet)
  12 cane toads
  2 unseen horrors
  8 water nymphs
  6 freezing wraiths
  10 komodo dragons
  44 yaktaurs
  A golden dragon simulacrum (IceCv)
  8 ice devils (IceCv)
  4 tengu conjurers
  An anaconda simulacrum (IceCv)
  A rime drake (Lair:3)
  23 merfolk
  6 entropy weaver simulacra (IceCv)
  A human zombie (Vaults:4)
  A merfolk (shapeshifter) (Depths:3)
  7 wind drakes
  8 trolls
  A queen bee (shapeshifter) (Depths:3)
  24 slime creatures
  A wind drake (shapeshifter) (Elf:1)
  4 polar bears
  A slime creature (shapeshifter) (Depths:3)
  A frost giant simulacrum (Vaults:1)
  A hornet (D:10)
  14 blink frogs
  18 dream sheep
  13 snapping turtles
  An ettin zombie (Vaults:1)
  A ynoxinul (Gauntlet)
  7 shadows
  5 wraiths
  7 wyverns
  11 spriggan simulacra (IceCv)
  16 water elementals
  8 air elementals
  3 redbacks (D:15)
  A dire elephant simulacrum (IceCv)
  A hog (Shoals:2)
  5 basilisks
  3 nameless horrors
  39 yaks
  4 fire elementals (Depths:3)
  9 vampire mosquitoes
  A steam dragon (Lair:2)
  3 wargs
  7 minotaur simulacra (IceCv)
  A yaktaur simulacrum (Vaults:4)
  4 harpy simulacra (IceCv)
  3 acid dragons
  50 nagas
  16 water moccasins
  3 hell hounds (Depths:1)
  A sky beast (D:7)
  An alligator simulacrum (IceCv)
  3 black bears
  29 orc warriors
  An ettin simulacrum (IceCv)
  An ice beast (D:6)
  10 ogres
  12 wolves
  A centaur (shapeshifter) (Depths:3)
  6 centaurs
  A phantom (D:11)
  An elf simulacrum (Vaults:1)
  4 kobold brigands
  11 bullfrogs
  A bullfrog (shapeshifter) (Depths:3)
  A gnoll sergeant (D:10)
  A scorpion (D:5)
  10 earth elementals
  3 human simulacra
  4 deep troll simulacra (IceCv)
  10 killer bees (D:9)
  5 electric eels
  7 howler monkeys
  5 wights (D:8)
  A vampire bat (Lair:1)
  A bullfrog zombie (D:6)
  3 crimson imps (D:4)
  4 centaur zombies
  A jelly (D:7)
  23 orc priests
  A bullfrog skeleton (D:6)
  A centaur skeleton (D:5)
  4 iguanas
  A gnoll shaman (D:4)
  20 orc wizards
  14 hell rats
  2 killer bee zombies
  6 ogre zombies (D:11)
  A hound skeleton (D:4)
  14 gnolls
  12 adders
  2 howler monkey skeletons
  2 shadow imps
  2 ufetubi
  3 worms
  3 dart slugs
  63 orcs
  13 ball pythons
  12 bats
  4 endoplasms
  2 giant cockroaches
  9 goblins
  9 hobgoblins
  5 jackals
  29 kobolds
  4 quokkas
  A frilled lizard (D:3)
  2 goblin skeletons (D:11)
  4 goblin zombies (D:11)
  3 hobgoblin skeletons (D:11)
  3 hobgoblin zombies (D:11)
  A kobold skeleton (D:5)
  An orc skeleton (D:11)
  5 orc zombies (D:11)
  5 rats
  5 ball lightnings (Depths:3)
1946 creatures vanquished.

Vanquished Creatures (collateral kills)
  Boris (Depths:1)
  Kirke (Shoals:2)
  A draconian annihilator (Zot:1)
  A dire elephant (Vaults:1)
  A blizzard demon (Depths:3)
  2 deep trolls
  4 elephants (Lair:6)
  A merfolk (Shoals:2)
  2 blink frogs (Lair:6)
  A yak (Lair:6)
  2 iron imps (Gauntlet)
17 creatures vanquished.

Vanquished Creatures (others)
  A bullfrog (Lair:2)
  An orc wizard (Orc:2)
  5 ball lightnings (Depths:3)
  A bush (Lair:5)
  4 demonic plants (Gauntlet)
  58 fulminant prisms
  108 fungi
  279 plants
  8 withered plants (Lair:6)
465 creatures vanquished.

Grand Total: 2428 creatures vanquished

Notes
Turn   | Place    | Note
-------+----------+-------------------------------------------
     0 | D:1      | jayjay249 the Deep Elf Conjurer began the quest for the
                  | Orb.
     0 | D:1      | Reached XP level 1. HP: 10/10 MP: 6/6
   335 | D:1      | Reached XP level 2. HP: 15/15 MP: 4/8
   377 | D:1      | Learned a level 2 spell: Searing Ray
   574 | D:1      | Found a faded altar of an unknown god.
   866 | D:2      | Reached skill level 4 in Spellcasting
   885 | D:2      | Reached skill level 5 in Conjurations
   885 | D:2      | Reached XP level 3. HP: 19/19 MP: 3/10
  1276 | D:2      | Learned a level 3 spell: Dazzling Flash
  1832 | D:3      | Found a runed translucent gate.
  1832 | D:3      | Found a runed translucent gate.
  2022 | D:3      | Reached XP level 4. HP: 12/24 MP: 5/12
  2720 | D:3      | Found a glowing silver altar of Zin.
  2743 | D:3      | Found an ornate altar of the Wu Jian Council.
  2859 | D:3      | Reached skill level 5 in Spellcasting
  2859 | D:3      | Reached skill level 1 in Evocations
  3141 | D:3      | Noticed a kobold brigand
  3141 | D:3      | Found a runed translucent gate.
  3141 | D:3      | Noticed mrzisme's ghost (amateur GrFi)
  3344 | D:3      | Reached XP level 5. HP: 28/28 MP: 8/14
  3575 | D:3      | Learned a level 4 spell: Fulminant Prism
  3580 | D:3      | Learned a level 4 spell: Iskenderun's Mystic Blast
  3586 | D:4      | Found Peiblieg's Antique Armour Shop.
  3586 | D:4      | Noticed a centaur
  3869 | D:4      | Noticed an ogre
  4000 | D:4      | Found a shimmering blue altar of Sif Muna.
  4190 | D:4      | Reached XP level 6. HP: 32/32 MP: 11/16
  4295 | D:4      | Reached skill level 6 in Spellcasting
  4647 | D:4      | Bought a transparent robe for 108 gold pieces
  4647 | D:4      | Identified the +2 robe of Neellogu {Str-3 Dex+5} (You
                  | bought it in a shop on level 4 of the Dungeon)
  4651 | D:4      | Bought a spiked cloak for 180 gold pieces
  4651 | D:4      | Identified the +1 cloak "Xeluil" {rN+ rCorr MP-9 Int+2}
                  | (You bought it in a shop on level 4 of the Dungeon)
  4893 | D:4      | Found a shimmering altar of Xom.
  4972 | D:4      | Reached XP level 7. HP: 36/36 MP: 16/19
  5082 | D:4      | Found an iron altar of Okawaru.
  5102 | D:5      | Entered Level 5 of the Dungeon
  5181 | D:5      | Reached skill level 7 in Spellcasting
  5275 | D:5      | Found a blossoming altar of Fedhas.
  5651 | D:5      | Learned a level 5 spell: Bolt of Magma
  6181 | D:5      | Found a runed translucent door.
  6182 | D:5      | Noticed a human
  6184 | D:5      | Found a basalt altar of Yredelemnul.
  6455 | D:6      | Found a bloodstained altar of Trog.
  6739 | D:6      | Reached skill level 5 in Evocations
  6739 | D:6      | Reached XP level 8. HP: 41/41 MP: 15/21
  6830 | D:6      | Reached skill level 8 in Spellcasting
  7166 | D:6      | Found a staircase to the Ecumenical Temple.
  7174 | Temple   | Entered the Ecumenical Temple
  7412 | D:6      | Found a radiant altar of Vehumet.
  7432 | D:6      | Became a worshipper of Vehumet
  7491 | D:6      | Reached skill level 9 in Spellcasting
  7972 | D:7      | Learned a level 4 spell: Passage of Golubria
  8221 | D:7      | Found a sacrificial altar of Ru.
  8367 | D:7      | Reached skill level 10 in Spellcasting
  8367 | D:7      | Reached XP level 9. HP: 45/45 MP: 20/25
  8500 | D:7      | Found a glowing golden altar of the Shining One.
  8671 | D:7      | Reached * piety under Vehumet
  8671 | D:7      | Offered knowledge of Shock by Vehumet.
  8695 | D:7      | Reached skill level 10 in Conjurations
  8937 | D:7      | Found a runed translucent door.
  8938 | D:7      | Noticed Crazy Yiuf
  9389 | D:8      | Reached skill level 1 in Fighting
  9649 | D:8      | Noticed Erica
  9658 | D:8      | Killed Erica
  9659 | D:8      | Reached skill level 5 in Dodging
  9935 | D:8      | Noticed a two-headed ogre
 10034 | D:8      | Killed a two-headed ogre
 10035 | D:8      | Reached skill level 5 in Fighting
 10035 | D:8      | Reached XP level 10. HP: 60/60 MP: 16/26
 10565 | D:9      | Noticed Pikel
 10584 | D:9      | Killed Pikel
 10617 | D:9      | Noticed Joseph
 10907 | D:9      | Noticed a cyclops
 11256 | D:9      | Noticed Erolcha
 11416 | D:10     | Entered Level 10 of the Dungeon
 11691 | D:10     | Reached ** piety under Vehumet
 11691 | D:10     | Offered knowledge of Static Discharge by Vehumet.
 11725 | D:10     | Learned a level 5 spell: Fireball
 12516 | D:10     | Found a hazy altar of Hepliaklqana.
 12537 | D:10     | Found an ancient bone altar of Kikubaaqudgha.
 13629 | D:11     | Found a staircase to the Lair.
 13629 | D:11     | Noticed an oklob plant
 13768 | D:11     | Noticed a gargoyle
 13795 | D:11     | Found a flagged portal.
 13853 | Bailey   | Entered a bailey
 13884 | Bailey   | Reached skill level 1 in Fire Magic
 13989 | Bailey   | Reached XP level 11. HP: 71/71 MP: 21/27
 14438 | Bailey   | Identified the +0 helmet of the Comet {Str+3 Int+8 Stlth-}
 14628 | D:11     | Noticed a skeletal warrior
 14630 | D:11     | Noticed a skeletal warrior
 14632 | D:11     | Noticed a skeletal warrior
 14822 | D:11     | Killed an oklob plant
 15575 | Lair:1   | Entered Level 1 of the Lair of Beasts
 15575 | Lair:1   | Noticed Maggie
 15584 | Lair:1   | Killed Maggie
 16017 | Lair:1   | Reached skill level 5 in Stealth
 16027 | Lair:1   | Offered knowledge of Stone Arrow by Vehumet.
 16181 | Lair:1   | Reached skill level 10 in Fighting
 16181 | Lair:1   | Reached skill level 5 in Fire Magic
 17680 | Lair:2   | Reached *** piety under Vehumet
 17704 | Lair:2   | Learned a level 3 spell: Stone Arrow
 17893 | Lair:2   | Noticed a four-headed hydra
 17898 | Lair:2   | Killed a four-headed hydra
 17899 | Lair:2   | Reached skill level 11 in Spellcasting
 17899 | Lair:2   | Noticed a boulder beetle
 18049 | Lair:2   | Reached XP level 12. HP: 77/77 MP: 5/29
 18193 | Lair:3   | Noticed Nergalle
 18541 | Lair:3   | Found a staircase to the Shoals.
 18591 | Lair:3   | Noticed an eight-headed hydra
 18623 | Lair:3   | Killed an eight-headed hydra
 18702 | Lair:3   | Offered knowledge of Inner Flame by Vehumet.
 18945 | Lair:3   | Reached skill level 10 in Dodging
 18971 | Lair:3   | Reached skill level 12 in Spellcasting
 19088 | Lair:3   | Noticed Gastronok
 19097 | Lair:3   | Identified 2 scrolls of acquirement
 19117 | Lair:3   | Killed Nergalle
 19259 | Lair:3   | Reached skill level 13 in Spellcasting
 19367 | Lair:3   | Learned a level 3 spell: Inner Flame
 19917 | Lair:4   | Noticed a four-headed hydra
 19922 | Lair:4   | Killed a four-headed hydra
 20099 | Lair:4   | Reached **** piety under Vehumet
 20099 | Lair:4   | Noticed a six-headed hydra
 20116 | Lair:4   | Killed a six-headed hydra
 20121 | Lair:4   | Offered knowledge of Lightning Bolt by Vehumet.
 20776 | Lair:4   | Reached skill level 14 in Spellcasting
 20945 | Lair:4   | Learned a level 5 spell: Lightning Bolt
 21032 | Lair:4   | Noticed a seven-headed hydra
 21044 | Lair:4   | Killed a seven-headed hydra
 21045 | Lair:4   | Reached XP level 13. HP: 82/82 MP: 21/33
 21399 | Lair:4   | Found a staircase to the Snake Pit.
 21904 | Lair:4   | Upgraded the game from 0.27.0-65-ge2af304b15 to
                  | 0.27.0-66-gdc8fb28755
 22707 | Lair:5   | Reached ***** piety under Vehumet
 22709 | Lair:5   | Offered knowledge of Ozocubu's Refrigeration by Vehumet.
 22823 | Lair:5   | Found a staircase to the Slime Pits.
 22824 | Lair:5   | Found a viscous altar of Jiyva.
 22841 | Lair:5   | Found a runed translucent door.
 22841 | Lair:5   | Found a shimmering altar of Xom.
 22841 | Lair:5   | Noticed Ruewk's ghost (journeyman CeAM)
 23041 | Lair:5   | Reached skill level 15 in Spellcasting
 23470 | Lair:5   | Identified the +2 leather armour of Mirth {Fly rElec rF++
                  | Str-5}
 23701 | Lair:5   | Identified the +1 ring mail of Tesoym {Harm Drain +Blink
                  | Int+4}
 23745 | Lair:6   | Entered Level 6 of the Lair of Beasts
 25138 | Lair:5   | Acquired a +0 pair of gloves of stealth
 25363 | Lair:2   | Reached skill level 16 in Spellcasting
 26337 | D:9      | Reached XP level 14. HP: 88/88 MP: 29/36
 26384 | D:9      | Killed Joseph
 26673 | D:9      | Killed Erolcha
 26793 | D:11     | Offered knowledge of Iskenderun's Battlesphere by Vehumet.
 26803 | D:11     | Learned a level 5 spell: Iskenderun's Battlesphere
 26916 | D:11     | Found a staircase to the Orcish Mines.
 27631 | D:11     | Identified the +11 mace of Contention {antimagic, *Slow
                  | rPois rN++ SInv}
 27673 | Orc:1    | Entered Level 1 of the Orcish Mines
 27829 | Orc:1    | Reached skill level 17 in Spellcasting
 28171 | Orc:1    | Noticed an orc warlord
 28182 | Orc:1    | Killed an orc warlord
 28315 | Orc:2    | Entered Level 2 of the Orcish Mines
 28504 | Orc:2    | Found Haokkil's CLEARANCE SALE! EVERYTHING MUST GO!.
 28569 | Orc:2    | Found a staircase to the Elven Halls.
 29218 | Orc:2    | Reached skill level 18 in Spellcasting
 30265 | Orc:2    | Found Xyexeso's General Store.
 30265 | Orc:2    | Found Rearyirch's Distillery.
 30268 | Orc:2    | Found Ufucaosy's Antique Armour Emporium.
 30270 | Orc:2    | Found Fisauco's Weapon Emporium.
 30338 | Orc:2    | Bought the +4 moon troll leather armour {Spirit, Regen++
                  | MP+5} for 1471 gold pieces
 30338 | Orc:2    | Found the +4 moon troll leather armour {Spirit, Regen++
                  | MP+5}
 30338 | Orc:2    | Bought a glowing robe for 99 gold pieces
 30361 | Orc:2    | Bought 2 potions of resistance for 220 gold pieces
 30361 | Orc:2    | Bought a potion of heal wounds for 55 gold pieces
 30364 | Orc:2    | Bought a wand of flame (5) for 42 gold pieces
 30364 | Orc:2    | Bought a scroll of identify for 24 gold pieces
 30366 | Orc:2    | Bought a +0 cloak for 54 gold pieces
 30755 | Lair:3   | Killed Gastronok
 30755 | Lair:3   | Offered knowledge of Irradiate by Vehumet.
 31807 | D:12     | Learned a level 5 spell: Irradiate
 31901 | D:12     | Noticed Snorg
 32138 | D:12     | Killed Snorg
 32780 | D:12     | Reached XP level 15. HP: 92/92 MP: 28/39
 33467 | D:12     | Reached skill level 10 in Evocations
 33717 | Snake:1  | Entered Level 1 of the Snake Pit
 35083 | Snake:1  | Found Bippezea's Jewellery Boutique.
 35084 | Snake:1  | Found Detuoxed's Book Emporium.
 35085 | Snake:1  | Found Zufel's Jewellery Boutique.
 35093 | Snake:1  | Bought a ring of wizardry for 390 gold pieces
 36487 | Snake:1  | Acquired 621 gold pieces
 36546 | Snake:1  | Bought the Unrestrained Analects for 704 gold pieces
 37030 | Snake:2  | Reached skill level 15 in Dodging
 37149 | Snake:2  | Reached skill level 10 in Fire Magic
 39678 | Snake:3  | Found Jyasathri's Assorted Antiques.
 40239 | Snake:3  | Found Dogatuj's Antique Armour Boutique.
 40247 | Snake:3  | Reached XP level 16. HP: 97/97 MP: 28/40
 40705 | Snake:3  | Found Lox Pyqoci's General Store.
 40714 | Snake:3  | Acquired 659 gold pieces
 40716 | Snake:3  | Bought the Volume of Cold and Enchantment for 416 gold
                  | pieces
 40723 | Snake:3  | Learned a level 4 spell: Cause Fear
 40834 | Snake:3  | Found Tiageom's General Store.
 42673 | Snake:3  | Offered knowledge of Orb of Destruction by Vehumet.
 42753 | Snake:3  | Found Joanaw's Assorted Antiques.
 42762 | Snake:3  | Bought a scroll of teleportation for 126 gold pieces
 42930 | Snake:4  | Entered Level 4 of the Snake Pit
 43007 | Snake:4  | Reached skill level 19 in Spellcasting
 44127 | Snake:4  | Learned a level 7 spell: Orb of Destruction
 44151 | Snake:4  | Reached ****** piety under Vehumet
 44738 | Snake:4  | Reached skill level 20 in Spellcasting
 45340 | Snake:4  | Got a serpentine rune of Zot
 45821 | Shoals:1 | Entered Level 1 of the Shoals
 46334 | Shoals:1 | Reached XP level 17. HP: 99/102 MP: 41/43
 46593 | Shoals:1 | Offered knowledge of Spellforged Servitor by Vehumet.
 48252 | Shoals:2 | Noticed Kirke
 48640 | Shoals:2 | Reached skill level 21 in Spellcasting
 48656 | Shoals:2 | Learned a level 7 spell: Spellforged Servitor
 48716 | Shoals:2 | Killed Kirke
 49521 | Shoals:3 | Reached skill level 1 in Bows
 50000 | Shoals:3 | Reached skill level 22 in Spellcasting
 50378 | Shoals:3 | Offered knowledge of Eringya's Noxious Bog by Vehumet.
 50484 | Shoals:4 | Entered Level 4 of the Shoals
 50488 | Shoals:4 | Reached skill level 5 in Bows
 50563 | Shoals:4 | Found the +8 demon trident "Rift" {distort, reach+}
 51448 | Shoals:4 | Got the Guide on Fire and Intoxication
 51474 | Shoals:4 | Reached XP level 18. HP: 107/107 MP: 46/46
 51518 | Shoals:4 | Identified the +9 short sword of Lalettic {protect, rF+
                  | Will- rCorr}
 51728 | Shoals:4 | Reached skill level 10 in Bows
 51988 | Shoals:4 | Noticed Polyphemus
 52629 | Shoals:4 | Got a barnacled rune of Zot
 52731 | Shoals:4 | Identified the +5 mace "Hamm" {vorpal, Fragile rC+ rN++}
 52780 | Shoals:4 | Killed Polyphemus
 53675 | D:13     | Identified the ring "Wock" {Ice rPois rCorr}
 53692 | D:13     | Found a gate leading to a gauntlet.
 53738 | Gauntlet | Entered a Gauntlet
 53738 | Gauntlet | Found a transporter.
 53738 | Gauntlet | Found a transporter.
 53738 | Gauntlet | Found a runed translucent door.
 53746 | Gauntlet | Found a runed translucent door.
 53756 | Gauntlet | Found a transporter.
 53760 | Gauntlet | Found a transporter.
 53768 | Gauntlet | Found a transporter.
 53772 | Gauntlet | Found a transporter.
 53780 | Gauntlet | Found a transporter.
 53796 | Gauntlet | Found a transporter.
 53813 | Gauntlet | Found a transporter.
 53814 | Gauntlet | Found a transporter.
 53825 | Gauntlet | Found a transporter.
 53826 | Gauntlet | Found a transporter.
 54215 | Gauntlet | Identified the +1 helmet of the Meadowlark {MP+9 Str+5
                  | Dex+5}
 54295 | Gauntlet | Identified the +6 morningstar "Fiek Hiyck" {elec, rPois rC-
                  | Stlth+}
 54295 | Gauntlet | Identified the ring "Bociucw" {rElec rN+ Will+ Dex-4
                  | Stlth+}
 54896 | D:13     | Offered knowledge of Maxwell's Capacitive Coupling by
                  | Vehumet.
 55029 | D:13     | Noticed Urug
 55033 | D:13     | Killed Urug
 55435 | D:13     | Found Ahaunn's Antique Weapon Shoppe.
 56866 | D:14     | Found a gate to the Vaults.
 56901 | D:15     | Entered Level 15 of the Dungeon
 57236 | D:15     | Reached skill level 15 in Bows
 57675 | D:15     | Noticed Louise
 57690 | D:15     | Killed Louise
 58160 | D:15     | Found a staircase to the Depths.
 58249 | D:15     | Noticed Agnes
 58253 | D:15     | Killed Agnes
 58722 | D:14     | Learned a level 8 spell: Ignition
 58912 | Vaults:1 | Entered Level 1 of the Vaults
 59658 | Vaults:1 | Found Holesad's Book Shop.
 60218 | Vaults:1 | Reached XP level 19. HP: 112/112 MP: 39/47
 61227 | Vaults:1 | Found Newnat's General Store.
 61437 | Vaults:1 | Offered knowledge of Shatter by Vehumet.
 61437 | Vaults:1 | Offered knowledge of Chain Lightning by Vehumet.
 61437 | Vaults:1 | Offered knowledge of Polar Vortex by Vehumet.
 62716 | Vaults:1 | Learned a level 5 spell: Summon Mana Viper
 62746 | Vaults:2 | Reached skill level 1 in Hexes
 63391 | Vaults:2 | Found a staircase to the Crypt.
 63391 | Vaults:2 | Found an ancient bone altar of Kikubaaqudgha.
 63471 | Vaults:2 | Found a basalt altar of Yredelemnul.
 63523 | Vaults:2 | Found a transporter.
 63525 | Vaults:2 | Found a transporter.
 63565 | Vaults:2 | Found a transporter.
 65392 | Vaults:2 | Reached skill level 15 in Conjurations
 67070 | Vaults:3 | Noticed Boris
 67075 | Vaults:3 | Killed Boris
 67076 | Vaults:3 | Reached XP level 20. HP: 77/117 MP: 28/48
 67243 | Vaults:3 | Noticed Bai Suzhen
 67256 | Vaults:3 | Killed Bai Suzhen
 68570 | Vaults:3 | Identified the +9 lajatang of Doleu {protect, rPois Str+8
                  | Dex-4}
 68602 | Vaults:3 | Noticed Frederick
 69249 | Vaults:3 | Found Xuiphune's Armour Shoppe.
 69488 | Vaults:3 | Found a portal to a secret trove of treasure.
 69757 | Vaults:4 | Found a flickering gateway to a bazaar.
 69766 | Bazaar   | Entered a bazaar
 69766 | Bazaar   | Found Atudol's Antique Armour Shoppe.
 69766 | Bazaar   | Found Iwoduhy's Assorted Antiques.
 69766 | Bazaar   | Found Mugip's Antique Weapon Shoppe.
 69804 | Bazaar   | Bought a runed robe for 66 gold pieces
 69814 | Bazaar   | Bought slimy quicksilver dragon scales for 1430 gold pieces
 69814 | Bazaar   | Identified the quicksilver dragon scales of the Eternal
                  | Fruit {rF++ Will+} (You bought it in a shop in a bazaar)
 69847 | Bazaar   | Bought a pair of runed gloves for 135 gold pieces
 71906 | Elf:1    | Entered Level 1 of the Elven Halls
 72340 | Elf:1    | Identified the +3 scythe of Due Proportion {vorpal, Will+
                  | Str+5 Dex-5}
 72348 | Elf:1    | Found a frozen archway.
 72353 | IceCv    | Entered an ice cave
 73204 | IceCv    | Identified the +3 shortbow of Traps {freeze, MP+9}
 74393 | Elf:1    | Found Myzaack's Antique Weapon Shoppe.
 75168 | Elf:2    | Reached XP level 21. HP: 127/127 MP: 27/49
 75336 | Elf:2    | Found Hyet's Armour Emporium.
 75486 | Elf:2    | Noticed Saint Roka
 75514 | Elf:2    | Found a runed translucent gate.
 75514 | Elf:2    | Found a runed translucent gate.
 75515 | Elf:2    | Found a runed translucent gate.
 75907 | Elf:2    | Killed Saint Roka
 76336 | Elf:2    | Noticed Roxanne
 76446 | Elf:2    | Killed Roxanne
 78433 | Elf:3    | Entered Level 3 of the Elven Halls
 79564 | Elf:3    | Paralysed by an air elemental for 1 turns
 79876 | Elf:3    | Identified the +7 flail "Wuoqoytuu" {holy, *Corrode rN+
                  | Stlth+}
 79884 | Elf:3    | Identified the +11 great sword of Tortfeasance {drain,
                  | MP+9}
 80760 | Elf:3    | Identified the +4 battleaxe of Fiagro {flame, rElec Str+2}
 80871 | Elf:3    | Found the +0 staff of Battle
 80915 | Elf:3    | Acquired the ring of Wyty {rF+ rC+ Str+3}
 81392 | Depths:1 | Entered Level 1 of the Depths
 81694 | Depths:1 | Noticed Boris
 81704 | Depths:1 | Killed Boris
 82297 | Depths:1 | Identified the amulet "Tiefirche" {Spirit Will+ Str+4 Int-5
                  | Dex+3}
 82378 | Depths:1 | Reached XP level 22. HP: 132/132 MP: 26/50
 82447 | Depths:1 | Found a gateway to Hell.
 82905 | Depths:1 | Upgraded the game from 0.27.0-66-gdc8fb28755 to 0.27.1
 82934 | Depths:1 | Learned a level 9 spell: Fire Storm
 83149 | Depths:2 | Found a one-way gate leading to the halls of Pandemonium.
 83167 | Depths:2 | Identified the +2 leather armour of Patience {Will+}
 83558 | Depths:2 | Reached skill level 1 in Armour
 86173 | Depths:3 | Paralysed by an air elemental for 1 turns
 86181 | Depths:3 | Paralysed by an air elemental for 1 turns
 86704 | Depths:3 | Reached skill level 15 in Fire Magic
 87464 | Depths:3 | Paralysed by an air elemental for 1 turns
 87649 | Depths:3 | Identified the +5 spear of Distant Worlds {elec, rC- Will++
                  | Dex+4}
 89446 | Depths:3 | Noticed a golden dragon
 89454 | Depths:3 | Killed a golden dragon
 90512 | Depths:3 | Identified the +0 kite shield of a bazaar {rElec rPois
                  | Str+2}
 91127 | Depths:4 | Found a flickering gateway to a bazaar.
 91161 | Bazaar   | Entered a bazaar
 91161 | Bazaar   | Found Extot's Magic Scroll Shoppe.
 91163 | Bazaar   | Found Dued's Distillery.
 91170 | Bazaar   | Found Jaylaic's General Store.
 91190 | Bazaar   | Found Cymyawug's Antique Weapon Shop.
 91226 | Bazaar   | Found Ycorebum's General Store.
 91234 | Bazaar   | Bought a +0 pair of boots of flying for 138 gold pieces
 91297 | Bazaar   | Bought a potion of heal wounds for 50 gold pieces
 91297 | Bazaar   | Bought a potion of curing for 30 gold pieces
 91297 | Bazaar   | Bought a potion of curing for 30 gold pieces
 91297 | Bazaar   | Bought a potion of resistance for 100 gold pieces
 91297 | Bazaar   | Bought a potion of cancellation for 80 gold pieces
 91303 | Bazaar   | Bought a scroll of blinking for 75 gold pieces
 91326 | Bazaar   | Bought a scroll of amnesia for 31 gold pieces
 91326 | Bazaar   | Bought a scroll of blinking for 67 gold pieces
 91326 | Bazaar   | Bought a scroll of teleportation for 27 gold pieces
 91332 | Bazaar   | Bought a potion of haste for 100 gold pieces
 91332 | Bazaar   | Bought a potion of brilliance for 40 gold pieces
 91332 | Bazaar   | Bought a potion of ambrosia for 80 gold pieces
 91332 | Bazaar   | Bought a potion of mutation for 80 gold pieces
 91338 | Bazaar   | Bought a scroll of summoning for 85 gold pieces
 91338 | Bazaar   | Bought a scroll of fog for 18 gold pieces
 91338 | Bazaar   | Bought a scroll of enchant armour for 67 gold pieces
 91351 | Bazaar   | Bought a potion of brilliance for 40 gold pieces
 91394 | Bazaar   | Bought a scroll of amnesia for 42 gold pieces
 91823 | Depths:4 | Reached XP level 23. HP: 136/136 MP: 42/51
 92032 | Depths:4 | Reached skill level 1 in Transmutations
 92245 | Depths:4 | Found a gateway to a ziggurat.
 92913 | Depths:4 | Found a one-way gate to the infinite horrors of the Abyss.
 92933 | Depths:5 | Entered Level 5 of the Depths
 93361 | Depths:4 | Reached skill level 23 in Spellcasting
 93748 | Depths:5 | Noticed a juggernaut
 93930 | Depths:5 | Killed a juggernaut
 96946 | Depths:5 | Found a gate to the Realm of Zot.
 97231 | Depths:5 | Learned a level 3 spell: Dazzling Flash
 97507 | Vaults:5 | Entered Level 5 of the Vaults
 97511 | Vaults:5 | Reached skill level 24 in Spellcasting
 97996 | Vaults:5 | Identified the amulet of Hyle {Faith Drain Int+4 Dex+2}
 98551 | Vaults:5 | Reached XP level 24. HP: 142/142 MP: 52/53
 98555 | Vaults:5 | Noticed a dread lich
 98559 | Vaults:5 | Killed a dread lich
 98987 | Vaults:5 | Noticed Mara
100650 | Vaults:5 | Killed Mara
101164 | Vaults:5 | Found Beddul's Book Shoppe.
101172 | Vaults:5 | Bought a book of Spatial Translocations for 546 gold pieces
101177 | Vaults:5 | Got a silver rune of Zot
102158 | Vaults:1 | Bought a Necronomicon for 784 gold pieces
102265 | Vaults:5 | Bought a book of Air for 462 gold pieces
102664 | Snake:1  | Bought the ring of Otsuschac {rElec rF+} for 468 gold
                  | pieces
103381 | Vaults:3 | Killed Frederick
104789 | Vaults:2 | Identified the amulet "Kocen" {Faith rPois rN+ Str+3 Dex+4}
104858 | Vaults:2 | Found a transporter.
104858 | Vaults:2 | Found a transporter.
105866 | Zot:1    | Entered Level 1 of the Realm of Zot
106073 | Zot:1    | Reached skill level 25 in Spellcasting
107157 | Zot:1    | Reached XP level 25. HP: 128/147 MP: 30/54
107372 | Zot:1    | Reached skill level 1 in Summonings
110427 | Zot:2    | Found the +8 storm bow {elec, penet}
110494 | Zot:2    | Noticed an orb of fire
110504 | Zot:2    | Killed an orb of fire
111206 | Zot:2    | Found a runed translucent gate.
111206 | Zot:2    | Found a runed translucent gate.
111207 | Zot:2    | Found a runed translucent gate.
111208 | Zot:2    | Noticed Sofait's ghost (legendary GnFE)
111437 | Zot:2    | HP: 7/152 [white draconian/blast of cold (19)]
111438 | Zot:2    | Succumbed to poison (poison gas)

Illustrated notes

Levels and vault maps discovered:
D:1:      heliophobic_arrival_enchanted_forest, layout_loops_ring,
          ebering_ecumenical_altar_abandoned
D:2:      layout_basic, st_stairs_14
D:3:      layout_loops_ring, mainiacjoe_overflow_alcove_4, zin_scriptorium,
          gammafunk_ghost_nasty_kobolds, ebering_dispersal_statue_hall
D:4:      layout_rooms, okawaru_ov_weapons_minmay, led_xom_imps,
          amcnicky_altar_gilded, nicolae_stop_n_shop_2, minmay_snake_closets
D:5:      layout_loops_corners, dk_yredelemnul_ordeal, kennysheep_mini,
          hangedman_decor_diamond_cutter
D:6:      layout_basic, overflow_temple_1_default, trog_ov_bears_minmay,
          minmay_temple_entry_proselytizer
D:7:      layout_cave_pools, mainiacjoe_overflow_surrounded_room,
          nicolae_tso_swordbearing_angel, uniq_crazy_yiuf_cottage
D:8:      layout_basic, uniq_erica
D:9:      layout_cave_pools, nicolae_underground_beach, uniq_joseph, uniq_pikel,
          uniq_erolcha
D:10:     layout_irregular_city, mainiacjoe_overflow_small_starburst,
          mainiacjoe_overflow_alcove_1, minmay_fractal_squares_diagonal_5
D:11:     layout_long_grid, dpeg_oklobed_lair, zombieorc1_lemuel, enter_bailey_4
D:12:     minmay_the_grid_3x3 [minmay_the_grid_dragon_a, minmay_the_grid_mess,
          minmay_the_grid_tree, minmay_the_grid_all_tris,
          minmay_the_grid_spin_star, minmay_the_grid_dragon_b,
          minmay_the_grid_tri_star, minmay_the_grid_rooms,
          minmay_the_grid_prize_big_room], layout_basic, uniq_snorg
D:13:     layout_stronghold, gauntlet_entry_generic, serial_shops,
          nicolae_shop_behind_doors, minivault_8, uniq_urug
D:14:     layout_loops_ring, david_vaults_4, patterned_corridor
D:15:     hangedman_depths_entry_civil_slaughter, layout_long_grid,
          chequers_serial_rivers_small_b, uniq_louise, uniq_agnes
Temple:   nicolae_temple_figure_zero
Lair:1:   layout_concentric_octagons, minivault_27, roderic_batcave,
          grunt_megastairs_1, uniq_maggie
Lair:2:   layout_misc_corridors, minivault_27, infiniplex_staircase_pool
Lair:3:   layout_chaotic_city, shoals_dummy_entry, serial_bayou_crossing,
          wad_woods_river_01, uniq_nergalle, uniq_gastronok
Lair:4:   layout_long_grid, minmay_snake_entry_guardpost_small, minivault_24,
          lemuel_fruit_fields
Lair:5:   layout_loops_ring, slime_altar_1, ebering_ghost_xom,
          minmay_lair_oklob_chamber, grunt_megastairs_5, serial_bayou_shore_a,
          lemuel_fruit_fields
Lair:6:   due_jungle_book, layout_loops_ring
Shoals:1: layout_shoals
Shoals:2: layout_shoals, nicolae_shoals_mertower, uniq_kirke
Shoals:3: layout_shoals
Shoals:4: shoals_end_simple, layout_shoals, uniq_polyphemus
Snake:1:  layout_chambers, minmay_shop_grove
Snake:2:  layout_layer_cave, grunt_megastairs_4
Snake:3:  nicolae_snake_shooting_gallery, layout_rooms, serial_shops,
          nicolae_shop_window_shopping, nicolae_lakefront_shop,
          nicolae_shop_overgrown_old_shop, nicolae_shop_crystal,
          nicolae_shop_overgrown_old_shop
Snake:4:  minmay_snake_end_coiled, layout_rooms, st_stairs_1
Orc:1:    layout_caves
Orc:2:    st_orc_mages, layout_diamond_mine, basic_altar, nicolae_shop_clearance
Elf:1:    elf_arrival_002, layout_loops_ring,
          portal_ice_cave_entry_pillars_three, serial_shops,
          nicolae_take_the_stairs, minmay_elf_annihilation, grunt_megastairs_2
Elf:2:    nicolae_elf_blades_splatter_lattice [nooodl_blade_entry_preview],
          layout_geoelf_diagonals, serial_shops, shop, uniq_saint_roka,
          uniq_roxanne
Elf:3:    elf_hall, layout_geoelf_castle
Vaults:1: nicolae_vaults_network_star, grunt_vaults_twisty, serial_ice_b,
          hangedman_vaults_stretched_pinwheel, nicolae_vaults_what_the_h,
          vaults_dpeg_diagonal, vaults_mumra_chevron_long,
          vaults_room_large_hall, v_misc_15, vaults_room_boxed, v_misc_23,
          hangedman_vaults_trim, ontoclasm_vaults_idyll, layout_vaults_omnibox,
          serial_shops, nicolae_shop_crystal, shop
Vaults:2: minmay_crypt_entry_necro_gods, gammafunk_the_bubble
          [the_bubble_gammafunk_roulette], hangedman_vaults_river_flow,
          ontoclasm_vaults_shuriken, nicolae_vaults_angled_halls,
          nicolae_vaults_stairing_the_circle, ontoclasm_vaults_gateway,
          v_pattern_1, ontoclasm_vaults_loading_screen, v_misc_15,
          nicolae_vaults_big_ls, nicolae_vaults_little_squares_5,
          dpeg_vaults_monster_box, hangedman_vaults_nails,
          layout_vaults_maze_bifur
Vaults:3: ontoclasm_vaults_pinch, vaults_room_mumra_shop_pool, v_alt_pattern_4,
          grunt_vaults_diagonal, nicolae_vaults_little_ls,
          nicolae_vaults_three_branches, dpeg_vaults_monster_row,
          nicolae_vaults_angled_halls, nicolae_vaults_mini_display_case,
          ontoclasm_vaults_loading_screen, layout_vaults_omnicross,
          enter_trove_6, uniq_bai_suzhen, uniq_frederick, uniq_boris
Vaults:4: v_misc_1, v_misc_23, st_more_cells, hangedman_vaults_stagger,
          grunt_vaults_focal, v_misc_17, vaults_room_grid,
          nicolae_vaults_alarming, hangedman_vaults_stitches, v_misc_19,
          nicolae_vaults_yaktaur_gun_rack, v_misc_26, layout_vaults_big_room,
          serial_shops, bzr_entry_water
Vaults:5: uniq_mara
Depths:1: layout_gridlike, serial_sigils, serial_sigils_hangedman_gnaw,
          serial_sigils_hangedman_shear, serial_sigils_hangedman_confine,
          serial_sigils_hangedman_writhe, grunt_hell_entry_dis_mu, special_room
          [special_room_mythical_zoo], lightli_corner_chamber
Depths:2: four-leaf_vault, layout_gridlike, pan_entry, grunt_mini_vestibule,
          infiniplex_staircase_pool_2
Depths:3: radiant_caverns_b_rkd, hell_entry, pan_entry, serial_shops
Depths:4: grunt_twist_and_shout, layout_gridlike, enter_ziggurat_b, hell_entry,
          serial_shops, bzr_entry_road, abyss_entry_crystal,
          infiniplex_staircase_spiral
Depths:5: evilmike_zot_entry_diamond, layout_cave_pools, pan_entry, hell_entry,
          serial_sigils_hangedman_scratch
Zot:1:    layout_cathedral_of_symmetry
Zot:2:    layout_basic, ebering_ghost_rock_garden

Skill      XL: |  1  2  3  4  5  6  7  8  9 10 11 12 13 14 15 16 17 18 19 20 21 22 23 24 25 |
---------------+----------------------------------------------------------------------------+-----
Spellcasting   | 4 5 6 7 10 11 14 16 18 20 22 24 25 | 25.0
Conjurations   | 5 6 7 9 10 12 15 16 18 20 23 24 | 24.7
Evocations     | 1 2 3 5 6 9 10 | 10.0
Dodging        | 5 8 11 14 17 19 20 | 20.0
Fighting       | 5 9 10 12 13 | 13.8
Fire Magic     | 1 5 7 8 10 12 14 16 18 | 18.0
Stealth        | 5 |  5.0
Bows           | 8 16 18 20 | 20.0
Hexes          | 3 |  3.0
Armour         | 3 |  3.5
Transmutations | 2 |  2.0
Summonings     | 3 |  3.5
Staves         | |  0.4

Action                   |  1- 3 |  4- 6 |  7- 9 | 10-12 | 13-15 | 16-18 | 19-21 | 22-24 | 25-27 || total
-------------------------+-------+-------+-------+-------+-------+-------+-------+-------+-------++-------
Melee: Staff             |       |       |       |    15 |    14 |    38 |     6 |     1 |       ||    74
 Fire: Longbow           |       |       |       |       |       |       |     5 |       |       ||     5
 Cast: Magic Dart        |    66 |    72 |    75 |   158 |   324 |   288 |   142 |   187 |     9 ||  1321
       Searing Ray       |     3 |    25 |    41 |    98 |    10 |    18 |     2 |       |       ||   197
       Fulminant Prism   |       |     3 |    10 |    17 |    11 |     4 |    13 |       |       ||    58
       Dazzling Flash    |       |       |     2 |     3 |       |       |       |     3 |       ||     8
       Iskenderun's Myst |       |       |     2 |     9 |     2 |       |       |       |       ||    13
       Fireball          |       |       |       |    26 |    70 |   127 |    68 |    52 |    31 ||   374
       Bolt of Magma     |       |       |       |    40 |   214 |   244 |   308 |   157 |    27 ||   990
       Passage of Golubr |       |       |       |     3 |     4 |       |     5 |     4 |       ||    16
       Stone Arrow       |       |       |       |    40 |    97 |     2 |       |       |       ||   139
       Lightning Bolt    |       |       |       |       |    13 |       |       |       |       ||    13
       Iskenderun's Batt |       |       |       |       |   127 |   170 |   204 |    71 |       ||   572
       Irradiate         |       |       |       |       |     3 |     3 |     1 |       |     1 ||     8
       Orb of Destructio |       |       |       |       |       |    67 |   155 |   321 |    46 ||   589
       Spellforged Servi |       |       |       |       |       |     5 |     3 |     2 |       ||    10
       Cause Fear        |       |       |       |       |       |     5 |     5 |     3 |     1 ||    14
       Ignition          |       |       |       |       |       |       |    17 |     6 |     2 ||    25
       Summon Mana Viper |       |       |       |       |       |       |     3 |     5 |     4 ||    12
Evoke: Wand              |       |       |       |     8 |     5 |     1 |     1 |       |       ||    15
  Use: Scroll            |     4 |     1 |     7 |    19 |    20 |    16 |    11 |     9 |     1 ||    88
       Potion            |       |       |       |     2 |     1 |     2 |     3 |     9 |     2 ||    19
 Stab: Distracted        |       |       |       |       |       |       |     1 |       |       ||     1
Armor: Robe              |     1 |       |     9 |    53 |     6 |    20 |    19 |     1 |       ||   109
       Troll leather arm |       |       |       |       |    20 |    42 |       |       |       ||    62
       Quicksilver drago |       |       |       |       |       |       |       |    29 |    16 ||    45
Dodge: Dodged            |     2 |     6 |    23 |   196 |   105 |   181 |    99 |    67 |    38 ||   717
Block: Other             |       |       |       |    25 |    25 |    54 |    26 |    13 |     4 ||   147
       Reflection        |       |       |       |       |     6 |    19 |     8 |     5 |       ||    38
